 Dungeon Crawl Stone Soup version 0.29-a0-1014-ga8c0faee3b (webtiles) character file.

Game seed: 16676030473057425335

1558 Asher535 the Cleaver (level 8, -7/73 HPs)
             Began as a Hill Orc Fighter on Aug 9, 2022.
             Was an Initiate of Makhleb.
             Mangled by Pikel
             ... wielding a +0 whip of electrocution
              (17 damage)
             ... on level 6 of the Dungeon.
             The game lasted 00:09:43 (6531 turns).

Asher535 the Cleaver (Hill Orc Fighter)             Turns: 6531, Time: 00:09:43

Health: -7/73      AC: 11    Str: 21    XL:     8   Next: 88%
Magic:  0/8        EV:  9    Int:  8    God:    Makhleb [......]
Gold:   333        SH:  5    Dex: 10    Spells: 7/7 levels left

rFire   + . .      SeeInvis +   B - +3 hand axe
rCold   x . .      Faith    .   c - +0 buckler
rNeg    . . .      Spirit   +   b - +0 scale mail
rPois   .          Reflect  .   q - +1 helmet {SInv}
rElec   .          Harm     .   h - +0 cloak
rCorr   .          Rampage  .   (no gloves)
Will    .....                   (no boots)
Stlth   ..........              e - amulet of guardian spirit
HPRegen 0.22/turn               l - ring of fire
MPRegen 0.11/turn               (no ring)

@: no status effects
A: no striking features
a: Renounce Religion


You were on level 6 of the Dungeon.
You worshipped Makhleb.
Makhleb was noncommittal.
You visited 2 branches of the dungeon, and saw 7 of its levels.

You collected 333 gold pieces.

Inventory:

Hand Weapons
 a - a +0 war axe
 r - a +1 vorpal hand axe
 B - a +3 hand axe (weapon)
Armour
 b - a +0 scale mail (worn)
 c - a +0 buckler (worn)
 h - a +0 cloak (worn)
 q - a +1 helmet of see invisible (worn)
Magical Staves
 d - a staff of fire
Jewellery
 e - an amulet of guardian spirit (around neck)
 l - a ring of fire (left hand)
 p - an amulet of guardian spirit
Scrolls
 f - a scroll of teleportation {unknown}
 j - a scroll of amnesia {unknown}
 k - a scroll of butterflies {unknown}
 n - a scroll of noise {unknown}
 s - 2 scrolls of identify
 t - 2 scrolls of fear {unknown}
 v - a scroll of immolation {unknown}
 y - a scroll of enchant armour {unknown}
 A - 2 scrolls of enchant weapon {unknown}
Potions
 g - a potion of heal wounds {unknown}
 i - a potion of magic {unknown}
 m - 4 potions of mutation
 o - 2 potions of attraction {unknown}
 u - a potion of degeneration {unknown}
 w - 2 potions of berserk rage {unknown}
 x - a potion of lignification {unknown}
 z - a potion of curing {unknown}


   Skills:
 + Level 7.0 Fighting
 * Level 9.0 Axes
 + Level 6.3 Armour
 + Level 6.3 Shields


You had 7 spell levels left.
You didn't know any spells.
Your spell library contained the following spells:

 Spells                   Type           Power      Damage    Failure   Level
 Poisonous Vapours        Pois/Air       0%         N/A       91%         2
 Corpse Rot               Necr/Pois/Air  0%         N/A       100%        4
 Summon Forest            Summ/Tloc      0%         N/A       100%        5
 Summon Mana Viper        Hex/Summ       0%         N/A       100%        5
 Summon Cactus Giant      Summ           0%         N/A       100%        6


Dungeon Overview and Level Annotations

Branches:
Dungeon (6/15)             Temple (1/1) D:5

Altars:
Ashenzari
Cheibriados
Dithmenos
Elyvilon
Fedhas
Gozag
Hepliaklqana
Kikubaaqudgha
Makhleb
Nemelex Xobeh
Okawaru
Qazlal
Sif Muna
Trog
Uskayaw
Vehumet
Wu Jian
Yredelemnul
Zin
The Shining One

Shops:
D:2 (

Annotations:
D:4 2 runed translucent doors, hackon's ghost, amateur HOFi
D:5 2 transporters, Menkaure
D:6 Pikel


Message History

The lemure hits you. You block the lemure's attack.
You barely miss the lemure.
The lemure is severely wounded.
You hit the lemure but do no damage. You hit Pikel.
You closely miss the lemure.
The lemure is severely wounded.
You hit Pikel. You hit the lemure. You block the lemure's attack.
Pikel hits you but does no damage. The lemure hits you.
You slash the lemure!
You kill the lemure!
That felt strangely unrewarding.
You hit the lemure. You hit Pikel. Pikel hits you but does no damage.
You block the lemure's attack.
You miss Pikel.
Pikel is heavily wounded.
You barely miss the lemure. x2; The lemure hits you.
Pikel hits you with a +0 whip of electrocution!
The lemure hits you but does no damage.
You are too injured to fight recklessly!
You are too injured to fight recklessly!
You are too injured to fight recklessly!
You are too injured to fight recklessly!
You are too injured to fight recklessly!
You hit Pikel but do no damage.
Pikel is heavily wounded.
You hit the lemure. You completely miss the lemure. The lemure hits you. x2
* * * LOW HITPOINT WARNING * * *
You block Pikel's attack.
You barely miss Pikel.
Pikel is heavily wounded.
You barely miss the lemure. You completely miss the lemure.
The lemure hits you.
* * * LOW HITPOINT WARNING * * *
You block the lemure's attack. Pikel hits you but does no damage.
You barely miss Pikel.
Pikel is heavily wounded.
You hit the lemure. You closely miss the lemure. The lemure barely misses you.
Pikel hits you with a +0 whip of electrocution!
* * * LOW HITPOINT WARNING * * *
You are electrocuted!!
You die...

#.#. ## ....... #####'#. #.
....... #.......
###.####....... #.......
.........$...# #.......
##..........## #.......
#....$........ #.......
#.....55....# #####'#.
#.....@K..$.# #.#. ###
#...################.#. #...
#.......# #.........#.
#....###.......####.........#.
#.................#.........#.
#..>.##......[.############.#.
#.# #........############.#.
###.##'#............).#.
#.##.#.######....####.


You could see Pikel and 2 lemures.

Vanquished Creatures
  A steam dragon (D:6)
  2 ice beasts
  2 black bears
  2 lemures (D:6)
  3 phantoms
  2 necrophages (D:5)
  A gnoll sergeant (D:6)
  2 scorpions (D:5)
  A hound (D:4)
  An orc priest (D:5)
  2 jellies
  Jessica (D:2)
  6 iguanas
  3 orc wizards
  4 gnolls (D:6)
  5 adders
  2 ufetubi
  17 orcs
  5 ball pythons
  5 endoplasms
  2 giant cockroaches
  3 goblins
  9 hobgoblins
  8 jackals (D:1)
  7 kobolds
  6 quokkas
  3 bats
  5 frilled lizards
  6 rats
116 creatures vanquished.

Notes
Turn   | Place    | Note
-------+----------+-------------------------------------------
     0 | D:1      | Asher535 the Hill Orc Fighter began the quest for the Orb.
     0 | D:1      | Reached XP level 1. HP: 19/19 MP: 1/1
    63 | D:1      | Found a faded altar of an unknown god.
   165 | D:1      | Reached skill level 3 in Axes
   165 | D:1      | Reached XP level 2. HP: 19/27 MP: 0/2
   465 | D:1      | Reached XP level 3. HP: 27/33 MP: 1/3
   942 | D:2      | Found Siotid Tuwn's Weapon Shop.
  1426 | D:2      | Noticed Jessica
  1437 | D:2      | Killed Jessica
  1438 | D:2      | Reached XP level 4. HP: 10/41 MP: 1/4
  2073 | D:2      | Reached skill level 4 in Axes
  2354 | D:3      | Found a bloodstained altar of Trog.
  2559 | D:3      | Reached XP level 5. HP: 47/47 MP: 5/5
  2631 | D:3      | Found a sparkling altar of Nemelex Xobeh.
  2631 | D:3      | Noticed a black bear
  2647 | D:3      | Killed a black bear
  2648 | D:3      | Reached skill level 5 in Fighting
  2648 | D:3      | Reached XP level 6. HP: 23/56 MP: 3/6
  3167 | D:3      | Reached skill level 5 in Axes
  3785 | D:4      | Found a large runed translucent door.
  3818 | D:4      | Found a large runed translucent door.
  3821 | D:4      | Noticed hackon's ghost (amateur HOFi)
  4457 | D:5      | Entered Level 5 of the Dungeon
  4538 | D:5      | Reached XP level 7. HP: 61/61 MP: 7/7
  4628 | D:5      | Reached skill level 6 in Axes
  4628 | D:5      | Reached skill level 5 in Armour
  4628 | D:5      | Reached skill level 5 in Shields
  4655 | D:5      | Found an ancient bone altar of Kikubaaqudgha.
  4657 | D:5      | Noticed Menkaure
  4685 | D:5      | Found a basalt altar of Yredelemnul.
  4686 | D:5      | Found a transporter.
  4777 | D:5      | Found a staircase to the Ecumenical Temple.
  4880 | D:5      | Reached skill level 7 in Axes
  5003 | D:5      | Reached XP level 8. HP: 70/70 MP: 8/8
  5219 | D:5      | Noticed a vampire
  5467 | D:5      | Reached skill level 8 in Axes
  5532 | D:5      | Found a transporter.
  5655 | Temple   | Entered the Ecumenical Temple
  5724 | Temple   | Became a worshipper of Makhleb the Destroyer
  6151 | D:6      | Reached skill level 9 in Axes
  6511 | D:6      | Noticed Pikel
  6531 | D:6      | Mangled by Pikel

Illustrated notes

Levels and vault maps discovered:
D:1:      dpeg_arrival_radiant, layout_loops_ring,
          shapermc_ecumenical_altar_starsandcircs, st_stairs_3,
          dk_noncrumbling_4, minmay_misc_feat_x, chequers_serial_rivers_micro_d,
          minmay_misc_feat_five
D:2:      layout_loops_ring, serial_shops, nicolae_shop_waterfront, uniq_jessica
D:3:      layout_loops_corners, lemuel_doored_altar,
          nemelex_xobeh_ov_fountains_minmay
D:4:      layout_loops_ring, ebering_ghost_disaster_area
D:5:      layout_basic, gammafunk_temple_of_torment,
          minmay_temple_entry_crystal_x
D:6:      layout_basic, uniq_pikel, uniq_blork_the_orc
Temple:   nicolae_temple_x_marks_the_god

Skill      XL: |  1  2  3  4  5  6  7  8 |
---------------+-------------------------+-----
Axes           | 3 4 5 7 9 |  9.0
Fighting       | 4 5 6 7 |  7.0
Armour         | 4 5 6 |  6.3
Shields        | 4 5 6 |  6.3

Action                   |  1- 3 |  4- 6 |  7- 9 || total
-------------------------+-------+-------+-------++-------
Melee: War axe           |    96 |   131 |       ||   227
       Hand axe          |       |    41 |   231 ||   272
  Use: Potion            |       |     1 |       ||     1
       Scroll            |       |     1 |       ||     1
Armor: Scale mail        |    60 |   100 |   107 ||   267
Dodge: Dodged            |    45 |    82 |    78 ||   205
Block: Buckler           |    21 |    35 |    51 ||   107

Table legend: (Time is in decaauts)
 A = Elapsed time spent in this place.
 B = Non-inter-level travel time spent in this place.
 C = Inter-level travel time spent in this place.
 D = Time resting spent in this place.
 E = Time spent auto-exploring this place.
 F = Levels seen in this place.
 G = Mean time per level.
                   A        B        C        D        E       F      G
               +--------+--------+--------+--------+--------+-----+--------+
         Total |   6599 |   6450 |    149 |    593 |   4782 |   7 |  942.7 |
       Dungeon |   6519 |   6380 |    139 |    593 |   4737 |   6 | 1086.5 |
        Temple |     79 |     69 |     10 |      0 |     45 |   1 |   79.0 |
               +--------+--------+--------+--------+--------+-----+--------+

Top non-repeatable levels by time:
     D:3: 1337 daAuts
     D:2: 1301 daAuts
     D:5: 1221 daAuts
     D:1: 960 daAuts
     D:4: 937 daAuts
     D:6: 761 daAuts
  Temple: 79 daAuts
